 Dungeon Crawl Stone Soup version 0.14-a0-1876-g927fc3a (webtiles) character file.

148 Piginabag the Ruffian (level 4, -5/34 HPs)
             Began as a Formicid Monk on Jan 16, 2014.
             Killed by divine providence
             ... invoked by an orc priest
              (14 damage)
             ... on Level 3 of the Dungeon.
             The game lasted 00:01:43 (1589 turns).

Piginabag the Ruffian (Formicid Monk)               Turns: 1589, Time: 00:01:44

HP  -5/34        AC 13     Str 17      XL: 4   Next: 67%
MP   4/4         EV  3     Int  9      God:
Gold 81          SH  0     Dex 13      Spells:  0 memorised,  3 levels left

rFire  . . .     SeeInvis +       - Unarmed
rCold  . . .     Clarity  .     j - +1 dwarf plate armour
rNeg   . . .     Conserve .     (no shield)
rPois  x         rCorr    .     (helmet unavailable)
rElec  .         rRot     .     (no cloak)
SustAb . .       Spirit   .     (no gloves)
rMut   .         Warding  .     (no boots)
Saprov . . .     Stasis   +     (no amulet)
MR     .....                    (no ring)
                                (no ring)

@: not resistant to hostile enchantments, extremely unstealthy
A: permanent stasis, dig shafts and tunnels, four strong arms, poison weakness,
antennae 3, exoskeleton 1
a: Dig, Shaft Self


You were on level 3 of the Dungeon.
You were not hungry.

You visited 1 branch of the dungeon, and saw 3 of its levels.

You collected 81 gold pieces.

Inventory:

Missiles
 m - 6 tomahawks (quivered)
Armour
 a - a +0 robe
 j - a +1 dwarven plate armour (worn)
Comestibles
 b - 3 bread rations
 k - 6 strawberries
 o - a pear
Scrolls
 d - 2 scrolls of remove curse {unknown}
 e - a scroll of random uselessness {unknown}
 f - a scroll of fear {unknown}
 g - a scroll of blinking {unknown}
 h - 3 scrolls of teleportation {unknown}
 i - 5 scrolls of identify {unknown}
 l - a scroll of immolation {unknown}
 q - a scroll of enchant weapon II {unknown}
 r - 4 scrolls of magic mapping {unknown}
Potions
 c - 4 potions of curing {unknown}
 n - a potion of brilliance {unknown}
 p - a potion of might {unknown}


   Skills:
 + Level 4.0 Fighting
 + Level 1.2 Armour
 + Level 3.5 Dodging
 - Level 2.4 Stealth
 - Level 4.0 Unarmed Combat


You had 3 spell levels left.
You didn't know any spells.

Dungeon Overview and Level Annotations

Branches:
Dungeon (3/16)

Altars:


Innate Abilities, Weirdness & Mutations

Your are under a permanent stasis effect.
You can dig through walls and to a lower floor.
Your four strong arms can wield any weapon, most with a shield.
You are susceptible to poison.
You have a pair of large antennae on your head (SInv).
Your body is surrounded by an exoskeleton. (HP +5, AC +1)


Message History

Your Fighting skill increases to level 4!
The orc priest glows brightly for a moment.
You hit the orc.
The orc is lightly wounded.
The orc priest calls upon Beogh to heal the orc.
The orc's wounds heal themselves!
The orc hits you but does no damage.
The orc priest utters an invocation to Beogh.
You feel troubled.
Your plate armour prevents you from hitting the orc.
The orc hits you but does no damage.
The orc priest calls down the wrath of Beogh upon you.
Something smites you! The orc hits you but does no damage.
The orc priest looks braver.
The orc priest calls down the wrath of Beogh upon you.
Something smites you!
* * * LOW HITPOINT WARNING * * *
The orc priest's eyes start to glow.
The orc priest mumbles some strange prayers to Beogh against you.
Something smites you!
You die...

### .... .....######
...........####### #####
>........<.......##......<
.......###...@.ooo?o#
..... #######.#### #...
#.# ##. #.# # #.. ###


You could see 2 orc priests and 2 orcs.

Vanquished Creatures
  Jessica (D:2)
  An inept feature mimic (D:2)
  A giant gecko (D:2)
  2 oozes
  An orc (D:3)
  A ball python (D:2)
  7 bats
  3 giant cockroaches
  3 hobgoblins
  3 kobolds
  A quokka (D:2)
  6 goblins
  3 jackals (D:2)
  5 rats
38 creatures vanquished.

Notes
Turn   | Place    | Note
--------------------------------------------------------------
     0 | D:1      | Piginabag, the Formicid Monk, began the quest for the Orb.
     0 | D:1      | Reached XP level 1. HP: 19/19 MP: 1/1
    98 | D:1      | Reached XP level 2. HP: 20/24 MP: 2/2
   539 | D:1      | Reached XP level 3. HP: 28/28 MP: 3/3
  1227 | D:2      | Reached XP level 4. HP: 17/34 MP: 4/4
  1332 | D:2      | Noticed Jessica
  1341 | D:2      | Killed Jessica
  1341 | D:2      | Reached skill level 1 in Armour
  1589 | D:3      | Killed from afar by an orc priest

Action                   |  1- 3 |  4- 6 || total
-------------------------+-------+-------++-------
Melee: Unarmed           |   118 |    32 ||   150
 Stab: Sleeping          |     2 |       ||     2
